 Dungeon Crawl Stone Soup version 0.30.1-11-g7821555f0a (webtiles) character file.

Game seed: 589860461639152052

349430 Dillybarz the Impregnable (level 21, -3/187 (210) HPs)
             Began as a Minotaur Fighter on Oct 24, 2023.
             Was the Champion of Okawaru.
             Killed from afar by a titan (37 damage)
             ... with a bolt of lightning
             ... on level 3 of the Depths on Oct 27, 2023.
             The game lasted 02:54:25 (47177 turns).

Dillybarz the Impregnable (Minotaur Fighter)       Turns: 47177, Time: 02:54:26

HP:   -3/187 (210)  AC: 47    Str: 29    XL:     21   Next: 25%
MP:   36/38         EV: 11    Int:  7    God:    Okawaru [******]
Gold: 2307          SH: 26    Dex: 20    Spells: 20/20 levels left

rFire   + + .        b - +3 broad axe "Asmemn" {flame, Fragile Will++ Str-3 Dex+8}
rCold   + . .        W - +0 tower shield of Napt {MP+9 Str+3 Slay+3}
rNeg    . . .        P - +0 gold dragon scales
rPois   +            U - +1 hat "Ibredd" {Dex+6}
rElec   .            O - +2 cloak
rCorr   .            u - +3 pair of gauntlets of War {Slay+5}
SInv    .            L - +2 pair of boots of Inevitability {rF+}
Will    ++++.        t - amulet of regeneration Stlth
                     v - +4 ring of protection
HPRegen 1.31/turn    e - ring "Pivvil" {Fly Will+ Dex-5 Slay+3 Stlth+}
MPRegen 0.26/turn

%: no passive effects
@: heroic, flying, heavily drained, unable to drink
A: horns 2, retaliatory headbutt, talons 1, iridescent scales 1, subdued magic
1, inability to drink after injury 1
}: 2/15 runes: decaying, serpentine
a: Renounce Religion, Heroism, Finesse, Duel


You were on level 3 of the Depths.
You worshipped Okawaru.
Okawaru was exalted by your worship.
You visited 8 branches of the dungeon, and saw 38 of its levels.
You also visited: Gauntlet, Ice Cave and Volcano.

You collected 4497 gold pieces.
You spent 2190 gold pieces at shops.

Inventory:

Hand Weapons
 b - the +3 broad axe "Asmemn" (weapon) {flame, Fragile Will++ Str-3 Dex+8}
   (Okawaru gifted it to you on level 3 of the Swamp)

   Str:       It affects your strength (-3).
   Dex:       It affects your dexterity (+8).
   Fragile:   It will be destroyed if unequipped.
   Will:      It greatly increases your willpower.
 G - a +7 broad axe of flaming
Missiles
 i - 13 atropa-tipped darts
 m - 62 poisoned darts
 n - 2 datura-tipped darts
 y - 19 javelins (quivered)
 E - 4 throwing nets
 F - 3 curare-tipped darts
 Q - 16 silver javelins
Armour
 u - the +3 pair of gauntlets of War (worn) {Slay+5}
   (Okawaru gifted it to you on level 1 of the Lair of Beasts)

   Slay:      It affects your accuracy & damage with ranged weapons and melee
   (+5).
 J - the +2 pair of slick slippers {slick, slippery, EV+4}
   (You acquired it on level 10 of the Dungeon)

   Slick:     Its wearer cannot be constricted, engulfed, netted or webbed.
   Slippery:  Its wearer slips away from damaging melee attacks, pulling the
   attacker onward.
   EV:        It affects your evasion (+4).
 L - the +2 pair of boots of Inevitability (worn) {rF+}
   (Okawaru gifted it to you on level 1 of the Vaults)

   rF:        It protects you from fire.
 O - a +2 cloak (worn)
 P - +0 gold dragon scales (worn)
 U - the +1 hat "Ibredd" (worn) {Dex+6}
   (Okawaru gifted it to you on level 5 of the Lair of Beasts)

   Dex:       It affects your dexterity (+6).
 W - the +0 tower shield of Napt (worn) {MP+9 Str+3 Slay+3}
   (You acquired it on level 1 of the Swamp)

   Str:       It affects your strength (+3).
   Slay:      It affects your accuracy & damage with ranged weapons and melee
   (+3).
   MP:        It affects your magic capacity (+9).
Jewellery
 a - a ring of willpower
 c - a ring of see invisible
 e - the ring "Pivvil" (right hand) {Fly Will+ Dex-5 Slay+3 Stlth+}
   (You found it on level 13 of the Dungeon)

   [ring of flight]

   Dex:       It affects your dexterity (-5).
   Slay:      It affects your accuracy & damage with ranged weapons and melee
   (+3).
   Fly:       It grants you flight.
   Will:      It increases your willpower.
   Stlth:     It makes you more stealthy.
 j - a ring of ice
 t - an amulet of regeneration (around neck)
 v - a +4 ring of protection (left hand)
 D - a +5 ring of evasion
 K - a ring of positive energy
 V - a +4 ring of protection
Wands
 k - a wand of flame (11)
 w - a wand of mindburst (24)
 A - a wand of quicksilver (29)
 C - a wand of iceblast (38)
 S - a wand of polymorph (15)
 Z - a wand of digging (8)
Scrolls
 o - 12 scrolls of teleportation
 s - 2 scrolls of poison
 B - 3 scrolls of fear
 I - a scroll of magic mapping
 N - a scroll of enchant armour
 R - a scroll of brand weapon
 T - 8 scrolls of fog
 X - a scroll of silence
 Y - a scroll of blinking
Potions
 d - 4 potions of might
 f - 4 potions of cancellation
 g - 11 potions of haste
 h - 5 potions of magic
 l - 7 potions of mutation
 p - 6 potions of resistance
 q - 21 potions of curing
 r - 11 potions of heal wounds
 x - 6 potions of lignification
 z - 2 potions of invisibility
 H - 5 potions of attraction
 M - 4 potions of ambrosia


   Skills:
 + Level 22.8(27) Fighting
 - Level 18.0(23.0) Axes
 - Level 10.0(15.0) Throwing
 + Level 22.8(27) Armour
 + Level 22.8(27) Shields
 - Level 13.0 Invocations


You had 20 spell levels left.
You didn't know any spells.
Your spell library contained the following spells:

 Spells                   Type           Power      Damage    Failure   Level
 Apportation              Tloc           0%         N/A       93%         1
 Beastly Appendage        Tmut           0%         N/A       93%         1
 Kiss of Death            Conj/Necr      0%         2d5       93%         1
 Magic Dart               Conj           0%         1d3       93%         1
 Necrotise                Necr           0%         1d4       93%         1
 Slow                     Hex            0%         N/A       93%         1
 Sting                    Tmut/Pois      0%         1d3       93%         1
 Blink                    Tloc           0%         N/A       98%         2
 Cigotuvi's Dreadful Rot  Necr/Pois/Air  0%         N/A       98%         2
 Lesser Beckoning         Tloc           0%         N/A       98%         2
 Momentum Strike          Conj/Tloc      0%         3d8       98%         2
 Wereblood                Tmut           0%         N/A       98%         2
 Confusing Touch          Hex            0%         N/A       100%        3
 Dazzling Flash           Conj/Hex       0%         N/A       100%        3
 Hailstorm                Conj/Ice       0%         3d3       100%        3
 Mephitic Cloud           Conj/Pois/Air  0%         N/A       100%        3
 Portal Projectile        Hex/Tloc       0%         N/A       100%        3
 Spider Form              Tmut/Pois      0%         N/A       100%        3
 Swiftness                Air            0%         N/A       100%        3
 Vampiric Draining        Necr           0%         2d6       100%        3
 Vhi's Electric Charge    Tloc/Air       0%         N/A       100%        3
 Volatile Blastmotes      Fire/Tloc      0%         2d10      100%        3
 Dispel Undead            Necr           0%         3d6       100%        4
 Fulminant Prism          Conj/Hex       0%         3d5       100%        4
 Ice Form                 Ice/Tmut       0%         N/A       100%        4
 Iskenderun's Mystic Bla  Conj/Tloc      0%         2d3       100%        4
 Passage of Golubria      Tloc           0%         N/A       100%        4
 Petrify                  Tmut/Erth      0%         N/A       100%        4
 Agony                    Necr           0%         N/A       100%        5
 Alistair's Intoxication  Tmut/Pois      0%         N/A       100%        5
 Arcjolt                  Conj/Air       0%         1d10      100%        5
 Blade Hands              Tmut           0%         N/A       100%        5
 Irradiate                Conj/Tmut      0%         3d11      100%        5
 Lee's Rapid Deconstruct  Erth           0%         3d4*      100%        5
 Metabolic Englaciation   Hex/Ice        0%         N/A       100%        5
 Silence                  Hex/Air        0%         N/A       100%        5
 Iron Shot                Conj/Erth      0%         9d1       100%        6
 Plasma Beam              Fire/Air       0%         2x1d11    100%        6
 Starburst                Conj/Fire      0%         6d3       100%        6
 Statue Form              Tmut/Erth      0%         N/A       100%        6
 Dragon Form              Tmut           0%         N/A       100%        7
 Orb of Destruction       Conj           0%         9d5       100%        7
 Discord                  Hex            0%         N/A       100%        8
 Lehudib's Crystal Spear  Conj/Erth      0%         10d2      100%        8
 Chain Lightning          Conj/Air       0%         N/A       100%        9
 Fire Storm               Conj/Fire      0%         5d1       100%        9
 Shatter                  Erth           0%         3d5*      100%        9
 Call Imp                 Summ           Unusable   N/A       N/A         2
 Summon Guardian Golem    Hex/Summ       Unusable   N/A       N/A         3
 Tukima's Dance           Hex            Unusable   N/A       N/A         3
 Animate Armour           Summ/Erth      Unusable   N/A       N/A         4
 Death Channel            Necr           Unusable   N/A       N/A         6
 Simulacrum               Ice/Necr       Unusable   N/A       N/A         6
 Spellforged Servitor     Conj/Summ      Unusable   N/A       N/A         7

Dungeon Overview and Level Annotations

Branches:
Dungeon (15/15)            Temple (1/1) D:7            Lair (5/5) D:8
  Swamp (4/4) Lair:2        Snake (4/4) Lair:2        Slime (0/5) Lair:5
    Orc (2/2) D:10            Elf (0/3) Orc:2        Vaults (4/5) D:13
  Crypt (0/3) Vaults:2     Depths (3/4) D:15          IceCv (visited)
Volcano (visited)         Gauntlet (visited)

Altars:
Ashenzari
Cheibriados
Dithmenos
Elyvilon
Fedhas
Gozag
Hepliaklqana
Kikubaaqudgha
Makhleb
Nemelex Xobeh
Okawaru
Qazlal
Ru
Sif Muna
Trog
Uskayaw
Vehumet
Wu Jian
Xom
Yredelemnul
Zin
The Shining One
Jiyva
Lugonu

Shops:
D:3 *   D:11 ?   Orc:2 !?[(   Snake:2 [   Snake:3 !!   Vaults:1 [   Depths:2 [

Portals:
Hell: Lair:5 Depths:1
Abyss: Depths:1 Depths:3

Annotations:
D:12 1 runed translucent door
Swamp:3 2 transporters, exclusion: obsidian statue
Vaults:1 1 runed translucent door, Umimoc's ghost, adept HOFi
Depths:2 2 transporters, Kerot's ghost, adept NaFi
Depths:3 2 transporters, Susch's ghost, legendary MfGl


Innate Abilities, Weirdness & Mutations

You have a pair of horns on your head.
You reflexively headbutt those who attack you in melee.
You have sharp toenails.
You are partially covered in iridescent scales. (AC +2)
Your spells are a little easier to cast, but a little less powerful.
You occasionally lose the ability to drink potions when taking damage.


Message History

Level annotation: 2 transporters, Susch's ghost, legendary MfGl The frost giant points at you and mumbles some strange words.
The bolt of cold hits you!! You resist.
There is a stone staircase leading up, spattered with blood here.
You hit the titan but do no damage. You slash the titan! You burn the titan.
The frost giant casts a spell at you. The bolt of cold misses you.
You block the titan's attack. The titan hits you but does no damage.
You gain the combat prowess of a mighty hero.
The frost giant casts a spell at you. The bolt of cold hits you!! You resist.
The titan gestures at you while chanting.
The bolt of lightning hits you!! The bolt of lightning hits you!
The titan gestures at you while chanting.
The bolt of lightning hits you!!
You hear a shout! x4
You completely miss the titan.
You headbutt the titan, but do no damage.
You slash the titan! You burn the titan.
The frost giant gestures at you while chanting.
The bolt of cold hits you! You resist.
You hit the titan. You burn the titan. You headbutt the titan!
The titan is lightly wounded.
You hit the titan. You burn the titan. The titan closely misses you.
The titan waves its arms in wide circles.
The air twists around and strikes you!!
* * * LOW HITPOINT WARNING * * *
You slice the titan!! You burn the titan. You headbutt the titan.
The titan is heavily wounded.
You hit the titan. You burn the titan. You barely miss the shadow dragon.
The frost giant points at you and mumbles some strange words.
The bolt of cold hits you! You resist.
* * * LOW HITPOINT WARNING * * *
You block the shadow dragon's attack. The shadow dragon claws you!
* * * LOW HITPOINT WARNING * * *
You block the shadow dragon's attack. The titan casts a spell at you.
The bolt of lightning hits you!!!
You feel threatened and lose the ability to drink potions!
You die...

....~........#e.##y|$
....[.....[..##.# #.#### .
..........#...#####T#..# .#
~~........##..## .C.... ..#
.~.............###Wee###..#
.................#####....#
...~~....................#
##.≈~.###.....CCCD.....#
......#.........@#######
......###.......[.##
.........#.......<.#
........>.#8_8##[###
..........##∩#####
...........### .......#####
.......## ........#


You could see a shadow dragon, 2 titans, 2 deep elf blademasters, a frost giant,
a stone giant, a deep troll and Susch's ghost.

Vanquished Creatures
  Xtahua (Depths:3)
  A golden dragon (Depths:1)
  Nikola (Snake:4)
  A bone dragon (Swamp:4)
  2 tentacled monstrosities (Depths:3)
  Rupert (D:12)
  A lich (Depths:3)
  A titan (Depths:1)
  A tengu reaver (Vaults:3)
  5 sphinxes
  A thorn hunter (Swamp:4)
  5 nagarajas
  4 fire giants
  Aizul (Snake:2)
  17 vault wardens
  2 iron dragons (Depths:3)
  3 frost giants
  2 orc warlords
  A spriggan defender (Depths:3)
  9 ironbound thunderhulks
  A ghoul (Swamp:1)
  23 very ugly things
  10 stone giants
  2 vampire knights (Depths:1)
  4 war gargoyles
  15 ironbound preservers
  2 eleionomae (Swamp:2)
  A minotaur (Gauntlet)
  9 bunyips
  2 spark wasps (Depths:3)
  21 dire elephants
  Snorg (D:12)
  4 fire dragons
  3 ettins
  4 crystal guardians (Vaults:4)
  Josephine (D:12)
  7 yaktaur captains
  6 great orbs of eyes
  An entropy weaver (Vaults:3)
  Fannar (D:12)
  2 rakshasas (Depths:1)
  4 peacekeepers
  5 ice dragons
  4 salamander tyrants (Snake:4)
  10 hydras
  3 ghost crabs
  9 vault guards
  4 boulder beetles
  2 catoblepae
  6 alligators
  5 ironbound frosthearts
  5 two-headed ogres
  6 centaur warriors
  7 anacondas
  9 deep troll shamans
  9 naga warriors
  3 deep troll earth magi
  A titan zombie (Vaults:1)
  13 naga sharpshooters
  An orc high priest (Orc:2)
  6 tengu warriors
  6 shock serpents
  A sun demon (Lair:5)
  12 hell knights
  A storm dragon zombie (D:15)
  A spriggan berserker (Depths:3)
  Amaemon (Lair:1)
  4 iron trolls
  2 salamander mystics
  3 sea snakes (Snake:2)
  3 skysharks (Lair:3)
  50 deep trolls
  4 goliath frogs
  A skeletal warrior (D:15)
  4 spriggan druids (Swamp:3)
  A flayed ghost (Depths:1)
  A death drake (shapeshifter) (Vaults:4)
  16 ironbound convokers
  4 spectral hydras (Swamp:4)
  3 glowing orange brains
  5 bog bodies
  11 wizards
  14 lindwurms
  5 orc knights
  2 naga ritualists (Snake:4)
  5 harpies (Vaults:1)
  A deep elf pyromancer (Volcano)
  A deep elf zephyrmancer (D:9)
  5 mana vipers
  4 phantasmal warriors
  8 necromancers
  A tengu skeleton (D:15)
  6 orc sorcerers
  2 will-o-the-wisps
  5 cyclopes
  48 ugly things
  A fire giant zombie (D:15)
  9 elephants
  28 black mambas
  2 guardian serpents
  3 ice statues (IceCv)
  9 salamanders
  18 naga magi
  5 molten gargoyles
  5 orange demons
  13 cane toads
  4 gargoyles
  13 vault sentinels
  A minotaur zombie (Gauntlet)
  5 rime drakes
  An unseen horror (Depths:1)
  Maggie (Lair:1)
  A spriggan zombie (D:15)
  A freezing wraith (IceCv)
  2 ice devils (Lair:5)
  12 komodo dragons
  2 swamp worm zombies (Swamp:4)
  30 yaktaurs
  3 tengu conjurers
  2 efreet
  A guardian mummy (D:15)
  2 hydra zombies (Swamp:4)
  A polar bear (shapeshifter) (D:13)
  An elf skeleton (Vaults:4)
  6 trolls
  A hellwing (Lair:5)
  A polar bear (Lair:4)
  8 tyrant leeches
  A bloated husk (Swamp:1)
  Grinder (D:3)
  11 hornets
  27 blink frogs
  2 spectral swamp dragons (Swamp:4)
  24 slime creatures
  4 alligator zombies (Swamp:4)
  7 dream sheep (Lair:5)
  A jumping spider (shapeshifter) (Depths:1)
  An ettin zombie (Vaults:3)
  2 shadows
  2 water elementals
  4 large abominations (Depths:1)
  7 wraiths
  50 yaks
  14 spriggans
  A hog (shapeshifter) (D:13)
  Eustachio (D:4)
  A dire elephant simulacrum (IceCv)
  3 fire elementals (Gauntlet)
  2 wyverns (Lair:5)
  2 basilisks
  2 chaos spawn (Depths:1)
  7 vampire mosquitoes
  A death yak simulacrum (IceCv)
  Grum (Lair:1)
  2 steam dragons (D:9)
  21 swamp worms
  2 wargs (Orc:2)
  48 nagas
  8 small abominations (Depths:1)
  A hydra simulacrum (IceCv)
  6 hell hounds
  22 water moccasins
  2 acid dragons
  37 orc warriors
  2 swamp drakes
  2 sky beasts
  An ice beast (D:6)
  3 black bears
  25 wolves
  5 swamp dragon zombies (Swamp:4)
  4 boggarts (Vaults:3)
  2 human skeletons
  5 ogres
  6 phantoms
  9 centaurs
  3 kobold brigands
  An elf simulacrum (Vaults:3)
  6 bullfrogs
  A scorpion (D:7)
  4 necrophages (Swamp:1)
  3 gnoll sergeants
  14 wights
  10 killer bees
  An electric eel (Snake:2)
  3 howler monkeys
  3 human simulacra
  3 hounds
  6 jellies
  24 orc priests
  2 sleepcaps
  A gnoll bouda (D:4)
  2 iguanas
  28 orc wizards
  5 hell rats (Lair:4)
  A polar bear simulacrum (IceCv)
  2 wolf simulacra (IceCv)
  25 gnolls
  15 adders
  2 swamp drake zombies (Swamp:4)
  2 white imps
  An ufetubus (D:6)
  A worm (D:2)
  4 dart slugs
  99 orcs
  9 ball pythons
  8 endoplasms
  4 giant cockroaches
  6 goblins
  8 hobgoblins
  4 jackals (D:1)
  21 kobolds
  2 quokkas
  4 bats
  2 frilled lizards
  4 rats
  A butterfly (Lair:4)
1462 creatures vanquished.

Vanquished Creatures (others)
  A vampire mage (Depths:3)
  A naga warrior (Snake:4)
  A tengu conjurer (D:13)
  3 bloated husks (Swamp:4)
  A water elemental (Depths:3)
  A naga (Snake:4)
  2 phantoms (Swamp:4)
10 creatures vanquished.

Grand Total: 1472 creatures vanquished

Notes
Turn   | Place    | Note
-------+----------+-------------------------------------------
     0 | D:1      | Dillybarz the Minotaur Fighter began the quest for the Orb.
     0 | D:1      | Reached XP level 1. HP: 19/19 MP: 0/0
    12 | D:1      | Noticed a rime drake
    12 | D:1      | Noticed a scorpion
    13 | D:1      | Noticed an iguana
    13 | D:1      | Noticed a polar bear
    54 | D:1      | Reached XP level 2. HP: 27/27 MP: 1/1
   381 | D:1      | Reached XP level 3. HP: 33/33 MP: 2/2
   951 | D:2      | Found an ornate altar of the Wu Jian Council.
  1251 | D:2      | Reached XP level 4. HP: 39/40 MP: 3/3
  1728 | D:3      | Reached XP level 5. HP: 47/47 MP: 4/4
  1809 | D:3      | Found Zin's Purification Station.
  1812 | D:3      | Found a glowing silver altar of Zin.
  1926 | D:3      | Noticed Grinder
  1935 | D:3      | Killed Grinder
  1936 | D:3      | Reached skill level 5 in Fighting
  1936 | D:3      | Reached skill level 5 in Axes
  1936 | D:3      | Reached skill level 5 in Armour
  1936 | D:3      | Reached skill level 5 in Shields
  1936 | D:3      | Reached XP level 6. HP: 26/56 MP: 5/5
  2074 | D:3      | Found a burning altar of Makhleb.
  2467 | D:4      | Noticed Eustachio
  2496 | D:4      | Killed Eustachio
  2582 | D:4      | Reached XP level 7. HP: 60/61 MP: 6/6
  3127 | D:4      | Found an ornate altar of the Wu Jian Council.
  3215 | D:5      | Entered Level 5 of the Dungeon
  3730 | D:5      | Reached XP level 8. HP: 70/70 MP: 7/7
  3730 | D:5      | Found an iron altar of Okawaru.
  3738 | D:5      | Became a worshipper of Warmaster Okawaru
  4150 | D:5      | Got the Anthology of Degeneration and the Sky
  5028 | D:6      | Reached * piety under Okawaru
  5053 | D:6      | Reached XP level 9. HP: 38/79 MP: 8/8
  5065 | D:6      | Reached ** piety under Okawaru
  5346 | D:6      | Found an opulent altar of Gozag.
  5400 | D:6      | Found a blossoming altar of Fedhas.
  5712 | D:7      | Reached skill level 10 in Axes
  6064 | D:7      | Found a staircase to the Ecumenical Temple.
  6383 | Temple   | Entered the Ecumenical Temple
  7079 | D:8      | Reached *** piety under Okawaru
  7080 | D:8      | Reached skill level 1 in Invocations
  7100 | D:8      | Reached XP level 10. HP: 53/90 MP: 9/9
  7128 | D:8      | Reached **** piety under Okawaru
  7447 | D:8      | Found a staircase to the Lair.
  7758 | D:8      | Found a sacrificial altar of Ru.
  8132 | D:8      | Upgraded the game from 0.30.1-9-gdf580d7c3d to
                  | 0.30.1-10-g1249ef9ec4
  8173 | D:9      | Found a basalt altar of Yredelemnul.
  8509 | D:9      | Noticed a two-headed ogre
  8520 | D:9      | Killed a two-headed ogre
  8828 | D:9      | Noticed a deep elf zephyrmancer
  8831 | D:9      | Killed a deep elf zephyrmancer
  9049 | D:10     | Entered Level 10 of the Dungeon
  9153 | D:10     | Reached ***** piety under Okawaru
  9154 | D:10     | Reached XP level 11. HP: 74/99 MP: 12/12
  9206 | D:10     | Found a staircase to the Orcish Mines.
  9491 | D:10     | Found a broken altar of Ashenzari.
  9586 | D:10     | Found a sparkling altar of Nemelex Xobeh.
  9627 | D:10     | Found a radiant altar of Vehumet.
  9829 | D:10     | Found an ancient bone altar of Kikubaaqudgha.
  9969 | D:10     | Identified a scroll of acquirement
  9970 | D:10     | Acquired the +2 pair of slick slippers {slick, slippery,
                  | EV+4}
  9970 | D:10     | Found the +2 pair of slick slippers {slick, slippery, EV+4}
 10198 | D:11     | Noticed a two-headed ogre
 10205 | D:11     | Killed a two-headed ogre
 10272 | D:11     | Paralysed by a hornet for 3 turns
 10278 | D:11     | Reached skill level 1 in Throwing
 10374 | D:11     | Found Duvullus's Magic Scroll Shoppe.
 10381 | D:11     | Bought a scroll of acquirement for 728 gold pieces
 10381 | D:11     | Acquired the +2 pair of gloves "Naanif" {Contam +Blink rF+}
 10510 | D:11     | Reached skill level 10 in Fighting
 10522 | D:11     | Reached skill level 10 in Armour
 10779 | Lair:1   | Entered Level 1 of the Lair of Beasts
 10856 | Lair:1   | Noticed Grum
 10864 | Lair:1   | Reached skill level 10 in Shields
 10870 | Lair:1   | Killed Grum
 11320 | Lair:1   | Received a gift from Okawaru
 11670 | Lair:1   | Noticed Amaemon
 11681 | Lair:1   | Killed Amaemon
 11728 | Lair:1   | Reached skill level 5 in Invocations
 11931 | Lair:1   | Noticed Maggie
 11937 | Lair:1   | Killed Maggie
 11937 | Lair:1   | Received a gift from Okawaru
 11937 | Lair:1   | Found the +3 pair of gauntlets of War {Slay+5}
 11951 | Lair:1   | Gained mutation: You are frail. (-10% HP) [mutagenic glow]
 11953 | Lair:1   | Lost mutation: You are frail. (-10% HP) [potion of
                  | mutation]
 11953 | Lair:1   | Gained mutation: You have sharp toenails. [potion of
                  | mutation]
 11953 | Lair:1   | Gained mutation: You occasionally lose the ability to drink
                  | potions when taking damage. [potion of mutation]
 11953 | Lair:1   | Gained mutation: Your spells are a little easier to cast,
                  | but a little less powerful. [potion of mutation]
 11953 | Lair:1   | Gained mutation: You are partially covered in iridescent
                  | scales. (AC +2) [potion of mutation]
 12473 | Lair:2   | Found a staircase to the Snake Pit.
 12481 | Lair:2   | Reached XP level 12. HP: 98/108 MP: 14/14
 13001 | Lair:2   | Found a staircase to the Swamp.
 13591 | Lair:3   | Noticed a catoblepas
 13602 | Lair:3   | Killed a catoblepas
 13791 | Lair:3   | Identified the +0 hand axe "Concordance" {antimagic, Int+8}
 13942 | Lair:3   | Reached skill level 15 in Axes
 13955 | Lair:3   | Received a gift from Okawaru
 14320 | Lair:3   | Received a gift from Okawaru
 14321 | Lair:3   | Reached skill level 5 in Throwing
 14551 | Lair:4   | Received a gift from Okawaru
 14563 | Lair:4   | Reached XP level 13. HP: 65/117 MP: 15/15
 14744 | Lair:4   | Found a frozen archway.
 14753 | IceCv    | Entered an ice cave
 16085 | Lair:5   | Entered Level 5 of the Lair of Beasts
 16106 | Lair:5   | Reached ****** piety under Okawaru
 16162 | Lair:5   | Identified the +1 hat "Ibredd" {Dex+6} (Okawaru gifted it
                  | to you on level 5 of the Lair of Beasts)
 16162 | Lair:5   | Received a gift from Okawaru
 16190 | Lair:5   | Found a dark tunnel.
 16199 | Volcano  | Entered a volcano
 16730 | Volcano  | Noticed an orb of fire
 16864 | Volcano  | Noticed an orb of fire
 17134 | Lair:5   | Found a staircase to the Slime Pits.
 17171 | Lair:5   | Reached XP level 14. HP: 63/129 MP: 16/16
 17920 | Lair:5   | Identified the +0 leather armour of the Cockatrice {Will+}
 18027 | Lair:5   | Received a gift from Okawaru
 18113 | Lair:5   | Found a burning altar of Makhleb.
 18121 | Lair:5   | Received a gift from Okawaru
 18309 | Lair:5   | Found a gateway to Hell.
 18316 | Lair:5   | Identified the amulet of Dodiudorph {Acrobat +Blink rF-
                  | Will+ Stlth+}
 18783 | D:12     | Noticed Snorg
 18798 | D:12     | Killed Snorg
 18939 | D:12     | Noticed Josephine
 18958 | D:12     | Killed Josephine
 19057 | D:12     | Identified the +4 arbalest of Dawuoda {drain, rElec Will+
                  | Str+2 Int+2}
 19094 | D:12     | Noticed Fannar
 19102 | D:12     | Killed Fannar
 19107 | D:12     | Noticed Rupert
 19123 | D:12     | Killed Rupert
 19458 | D:12     | Found a runed translucent door.
 19459 | D:12     | Noticed a sphinx
 19873 | D:13     | Found a gate leading to a gauntlet.
 19877 | Gauntlet | Entered a Gauntlet
 19877 | Gauntlet | Found a transporter.
 19881 | Gauntlet | Found a transporter.
 19883 | Gauntlet | Found a transporter.
 19887 | Gauntlet | Found a transporter.
 19896 | Gauntlet | Found a transporter.
 19896 | Gauntlet | Found a transporter.
 19907 | Gauntlet | Found a transporter.
 19911 | Gauntlet | Found a transporter.
 19929 | Gauntlet | Found a runed translucent door.
 19973 | Gauntlet | Found a transporter.
 19981 | Gauntlet | Noticed a quicksilver ooze
 19996 | Gauntlet | Found a transporter.
 20000 | Gauntlet | Found a transporter.
 20019 | Gauntlet | Found a transporter.
 20162 | Gauntlet | Identified the +8 hand axe of the Twisting Gods {freeze,
                  | *Noise rF++ Will++} (Okawaru gifted it to you in a
                  | Gauntlet)
 20162 | Gauntlet | Received a gift from Okawaru
 20235 | Gauntlet | Identified the +4 cloak "Qaczot" {-Tele Int+5 Dex+4}
 20281 | Gauntlet | Identified the amulet of the Clam {Faith Harm rCorr}
 20376 | Gauntlet | Identified the +4 war axe of Somewhere Else {heavy, rF+ rN+
                  | Dex-2 SInv}
 20397 | Gauntlet | Identified the +0 robe of the Old and Reckless {Will++}
 20742 | D:13     | Identified the ring "Pivvil" {Fly Will+ Dex-5 Slay+3
                  | Stlth+}
 20774 | D:13     | Found a gate to the Vaults.
 21153 | D:13     | Identified the +0 chain mail "Seloidor" {Str+3}
 21173 | D:13     | Reached XP level 15. HP: 134/139 MP: 19/19
 21829 | D:14     | Received a gift from Okawaru
 22149 | D:14     | Reached skill level 15 in Armour
 22153 | D:14     | Reached skill level 15 in Fighting
 22218 | D:14     | Reached skill level 15 in Shields
 22686 | D:15     | Entered Level 15 of the Dungeon
 22686 | D:15     | Found a viscous altar of Jiyva.
 22731 | D:15     | Found an ornate altar of the Wu Jian Council.
 23045 | D:15     | Found a staircase to the Depths.
 23053 | D:15     | Received a gift from Okawaru
 24022 | Orc:1    | Entered Level 1 of the Orcish Mines
 24068 | Orc:2    | Entered Level 2 of the Orcish Mines
 24109 | Orc:2    | Found a staircase to the Elven Halls.
 24359 | Orc:2    | Found Oddiowib's Antique Armour Boutique.
 24366 | Orc:2    | Found Foegh's Antique Weapon Shop.
 24584 | Orc:2    | Found Hosomal's Magic Scroll Shoppe.
 24656 | Orc:2    | Bought a scroll of blinking for 105 gold pieces
 24656 | Orc:2    | Bought a scroll of blinking for 105 gold pieces
 24656 | Orc:2    | Bought a scroll of enchant weapon for 105 gold pieces
 25028 | Orc:2    | Found Iptusi's Distillery.
 25035 | Orc:2    | Bought a potion of curing for 48 gold pieces
 25035 | Orc:2    | Bought a potion of heal wounds for 80 gold pieces
 25035 | Orc:2    | Bought a potion of haste for 160 gold pieces
 25035 | Orc:2    | Bought a potion of curing for 48 gold pieces
 25035 | Orc:2    | Bought a potion of curing for 48 gold pieces
 25035 | Orc:2    | Bought a potion of heal wounds for 80 gold pieces
 25035 | Orc:2    | Bought a potion of curing for 48 gold pieces
 25035 | Orc:2    | Bought 2 potions of haste for 320 gold pieces
 25599 | D:11     | Bought a scroll of enchant armour for 105 gold pieces
 25715 | Snake:1  | Entered Level 1 of the Snake Pit
 25770 | Snake:1  | You are sucked into a shaft and drop 1 floor!
 25795 | Snake:2  | Noticed Aizul
 26066 | Snake:1  | Received a gift from Okawaru
 26419 | Snake:1  | Received a gift from Okawaru
 26794 | Snake:2  | Killed Aizul
 26795 | Snake:2  | Reached XP level 16. HP: 137/151 MP: 19/21
 27163 | Snake:2  | Found Nueviaqi's Armour Shoppe.
 27206 | Snake:2  | Identified the scarf of Circular Logic {harm, Str+4 SInv}
                  | (Okawaru gifted it to you on level 2 of the Snake Pit)
 27206 | Snake:2  | Received a gift from Okawaru
 28486 | Snake:3  | Found Vaqeteb's Distillery.
 28493 | Snake:3  | Found Zaerysam's Distillery.
 28496 | Snake:3  | Bought a potion of heal wounds for 75 gold pieces
 28496 | Snake:3  | Bought a potion of curing for 45 gold pieces
 28496 | Snake:3  | Bought a potion of curing for 45 gold pieces
 28496 | Snake:3  | Bought a potion of curing for 45 gold pieces
 29399 | Snake:4  | Entered Level 4 of the Snake Pit
 29469 | Snake:4  | Noticed Nikola
 29487 | Snake:4  | Killed Nikola
 29667 | Snake:4  | Received a gift from Okawaru
 30077 | Snake:4  | Received a gift from Okawaru
 30396 | Snake:4  | Received a gift from Okawaru
 30473 | Snake:4  | Got a serpentine rune of Zot
 30664 | Snake:4  | Reached skill level 10 in Invocations
 30919 | Snake:4  | Reached XP level 17. HP: 161/161 MP: 23/23
 31209 | Swamp:1  | Entered Level 1 of the Swamp
 31405 | Swamp:1  | Upgraded the game from 0.30.1-10-g1249ef9ec4 to
                  | 0.30.1-11-g7821555f0a
 31445 | Swamp:1  | Received a gift from Okawaru
 31639 | Swamp:1  | Acquired the +0 tower shield of Napt {MP+9 Str+3 Slay+3}
 31757 | Swamp:1  | Identified the +5 battleaxe of Moderation {flame, *Slow
                  | rPois rN+++ Will- rCorr} (Okawaru gifted it to you on level
                  | 1 of the Swamp)
 31757 | Swamp:1  | Received a gift from Okawaru
 32188 | Swamp:2  | Identified the +0 robe "Boteic" {Fly rN+ Str+4}
 32367 | Swamp:2  | You are sucked into a shaft and drop 1 floor!
 32498 | Swamp:3  | Identified the +3 broad axe "Asmemn" {flame, Fragile Will++
                  | Str-3 Dex+8} (Okawaru gifted it to you on level 3 of the
                  | Swamp)
 32498 | Swamp:3  | Received a gift from Okawaru
 32633 | Swamp:3  | Found a transporter.
 32635 | Swamp:3  | Noticed a tentacled monstrosity
 32652 | Swamp:3  | Found a transporter.
 32850 | Swamp:3  | Identified the +4 buckler of the Worm {Int+4}
 33351 | Swamp:4  | Entered Level 4 of the Swamp
 33956 | Swamp:4  | Received a gift from Okawaru
 34755 | Swamp:4  | Noticed a bone dragon
 34780 | Swamp:4  | Killed a bone dragon
 34789 | Swamp:4  | Got a decaying rune of Zot
 35068 | Vaults:1 | Entered Level 1 of the Vaults
 35440 | Vaults:1 | Identified the +2 pair of boots of Inevitability {rF+}
                  | (Okawaru gifted it to you on level 1 of the Vaults)
 35440 | Vaults:1 | Received a gift from Okawaru
 35448 | Vaults:1 | Reached XP level 18. HP: 154/173 MP: 25/25
 35718 | Vaults:1 | Reached skill level 10 in Throwing
 36087 | Vaults:1 | Found Kelahen's Armour Shoppe.
 37537 | Vaults:1 | Received a gift from Okawaru
 37674 | Vaults:1 | Found a runed translucent door.
 37677 | Vaults:1 | Noticed Umimoc's ghost (adept HOFi)
 38410 | Vaults:2 | Received a gift from Okawaru
 38872 | Vaults:2 | Reached XP level 19. HP: 164/183 MP: 27/27
 39266 | Vaults:2 | Received a gift from Okawaru
 39649 | Vaults:2 | Found a staircase to the Crypt.
 39649 | Vaults:2 | Found a basalt altar of Yredelemnul.
 39650 | Vaults:2 | Found an ancient bone altar of Kikubaaqudgha.
 39698 | Vaults:2 | Received a gift from Okawaru
 40500 | Vaults:3 | Received a gift from Okawaru
 40864 | Vaults:3 | Received a gift from Okawaru
 40986 | Vaults:3 | Identified the +2 pair of gloves "Okoo" {Fly Slay+2 Stlth+}
                  | (Okawaru gifted it to you on level 3 of the Vaults)
 40986 | Vaults:3 | Received a gift from Okawaru
 42416 | Vaults:4 | Reached XP level 20. HP: 112/198 MP: 28/28
 42648 | Vaults:4 | Got the Almanac of Unstable Curses
 42828 | Vaults:4 | Received a gift from Okawaru
 42886 | Vaults:4 | Identified the +9 chain mail "Ageudgh" {rElec Str+2}
                  | (Okawaru gifted it to you on level 4 of the Vaults)
 42886 | Vaults:4 | Received a gift from Okawaru
 43961 | Depths:1 | Entered Level 1 of the Depths
 44019 | Depths:1 | Found a white marble altar of Elyvilon.
 44697 | Depths:1 | Noticed a golden dragon
 44706 | Depths:1 | Killed a golden dragon
 45393 | Depths:1 | Found a one-way gate to the infinite horrors of the Abyss.
 46127 | Depths:2 | Found Fudoef Ufalo's Armour Shop.
 46162 | Depths:2 | Received a gift from Okawaru
 46275 | Depths:2 | Found a transporter.
 46275 | Depths:2 | Noticed Kerot's ghost (adept NaFi)
 46276 | Depths:2 | Identified the +2 great mace of the Growing Gods {freeze,
                  | Str+6}
 46279 | Depths:2 | Identified the +6 great mace "Ishroemo" {heavy, rPois}
 46309 | Depths:2 | Found a transporter.
 46387 | Depths:3 | Found a corrupted altar of Lugonu.
 46389 | Depths:3 | Found a transporter.
 46389 | Depths:3 | Noticed a juggernaut
 46393 | Depths:3 | Noticed Susch's ghost (legendary MfGl)
 46395 | Depths:3 | Noticed a juggernaut
 46402 | Depths:3 | Found a transporter.
 46405 | Depths:3 | Identified the ring of the Magpie {MP+9 Int-3 Slay+4}
 46418 | Depths:3 | Noticed Xtahua
 46437 | Depths:3 | Killed Xtahua
 46648 | Depths:3 | Identified the +8 hand axe "Death Rattle" {heavy, Int+2}
                  | (Okawaru gifted it to you on level 3 of the Depths)
 46648 | Depths:3 | Received a gift from Okawaru
 46820 | Depths:3 | Reached XP level 21. HP: 209/209 MP: 29/29
 46952 | Depths:3 | Received a gift from Okawaru
 47053 | Depths:3 | Found a bloodstained altar of Trog.
 47177 | Depths:3 | Killed from afar by a titan

Illustrated notes

Levels and vault maps discovered:
D:1:      onia_arrival_zoo_common, layout_basic
D:2:      layout_rooms, basic_altar, minmay_splitting_lines
D:3:      layout_basic, zin_purify, mainiacjoe_overflow_small_starburst,
          uniq_grinder
D:4:      layout_cave_pools, mainiacjoe_overflow_tiny_flanked,
          minmay_misc_feat_secret_circle, abandoned_shop, uniq_eustachio
D:5:      layout_basic, okawaru_gym_becter, small_statue_intersection,
          ebering_dispersal_statue_hall, kennysheep_decorative_pillar
D:6:      layout_cave_pools, fedhas_altar_decomposition,
          mainiacjoe_overflow_cross_hatched, serial_park, serial_park_tiny_2,
          serial_park_tiny_2, serial_park_gazebo [serial_park_minivault_5x5_3],
          serial_park_tiny_pond
D:7:      layout_loops_ring, temple_green
D:8:      layout_basic, nicolae_ru_the_path_less_chosen, lair_entry_dummy
D:9:      layout_grid_maze, amcnicky_altar_gilded, guppyfry_early_elven_hall
D:10:     layout_basic, lemuel_crystal_altar, lemuel_crystal_altar,
          lemuel_tele_altar, mainiacjoe_overflow_chevrons, david_orc_5,
          minmay_misc_feat_five
D:11:     layout_loops_cross, serial_shops, shop
D:12:     layout_cave_pools, serial_rivers, chequers_serial_rivers_small_a,
          chequers_serial_rivers_room_a, chequers_serial_rivers_small_b,
          chequers_serial_rivers_small_3, chequers_serial_rivers_room_b,
          chequers_serial_rivers_marsh, kennysheep_treasure_room,
          uniq_josephine, uniq_rupert, uniq_fannar, uniq_snorg
D:13:     layout_loops_ring, david_vaults_4, gauntlet_entry_generic,
          nicolae_titane
D:14:     layout_grid_maze
D:15:     gammafunk_depths_entry_grave, layout_cave_pods,
          nicolae_wu_jian_wuxing_cycle, minmay_misc_feat_rugged,
          minmay_door_square, jiyva_altar_1
Temple:   chequers_temple_sunken
Lair:1:   layout_cave_pods, st_stairs_11, uniq_maggie, uniq_amaemon, uniq_grum
Lair:2:   layout_gridlike, minmay_swamp_entry_worms,
          minmay_snake_entry_six_corridors
Lair:3:   layout_regular_city
Lair:4:   layout_gridlike, portal_ice_cave_entry_pillars_1,
          grunt_forest_large_clearings, lemuel_fruit_fields
Lair:5:   evil_forest, layout_regular_city, slime_entry_1,
          nicolae_volcano_entry_two_sided
Swamp:1:  layout_basic_swamp, hangedman_swamp_pad, swamp_pool1,
          nicolae_swamp_fairy_circle
Swamp:2:  layout_basic_swamp, hangedman_swamp_diagram, swamp_pool3,
          nicolae_swamp_little_swirl, infiniplex_staircase_pool
Swamp:3:  gammafunk_sealed_arena, layout_basic_swamp,
          nicolae_swamp_well_well_well, swamp_pool4
Swamp:4:  swamp_pestilence, layout_basic_swamp
Snake:1:  layout_layer_cave, drop_trap, grunt_megastairs_4, serial_bayou_shore_b
Snake:2:  layout_grid_shapes, serial_shops, nicolae_shop_window_shopping,
          serial_bayou_shore_a, uniq_aizul
Snake:3:  layout_gridlike, nicolae_triple_integral, serial_bayou_shore_b,
          minmay_shop_star
Snake:4:  minmay_snake_end_coiled, layout_gridlike, uniq_nikola
Orc:1:    layout_diamond_mine
Orc:2:    grunt_orc_community_town_hall, layout_caves,
          grunt_orc_community_big_house_1, grunt_orc_community_big_house_2,
          grunt_orc_community_house_3, grunt_orc_community_house_2,
          grunt_orc_community_house_2, grunt_orc_community_house_1
Vaults:1: hellmonk_ghost_happy_afterlife, hangedman_vaults_nails,
          nicolae_vaults_diagonal_hallway_6,
          nicolae_vaults_trapezoid_lopsided_3, nicolae_vaults_mush_room,
          nicolae_vaults_house_3, nicolae_vaults_door_testing_chamber,
          nicolae_vaults_triangles, vaults_dpeg_diagonal,
          nicolae_vaults_house_3, vaults_room_boxed, v_pattern_1,
          nicolae_vaults_storage_room_glass, layout_vaults_maze_snakey,
          serial_shops, shop
Vaults:2: minmay_crypt_entry_necro_gods, grunt_vaults_diagonal,
          nicolae_vaults_closet_pinwheel_1, nicolae_vaults_cornered_office,
          nicolae_vaults_network_quinsquares
          [nicolae_vaults_network_quincunx_subvault,
          nicolae_vaults_network_quincunx_subvault,
          nicolae_vaults_network_quincunx_subvault,
          nicolae_vaults_network_quincunx_subvault],
          ontoclasm_vaults_decontamination, nicolae_vaults_tetromino_T_1,
          nicolae_vaults_house_2, layout_vaults_omnigrid
Vaults:3: nicolae_vaults_stairing_the_circle, v_misc_4, vaults_room_pool,
          nicolae_vaults_puzzle_piece, nicolae_vaults_trapezoid_lopsided_4,
          ontoclasm_vaults_spin, hangedman_vaults_variations, v_alt_pattern_5,
          ontoclasm_vaults_pinch, ontoclasm_vaults_ring_square,
          nicolae_vaults_diamond_2, vaults_dpeg_ring, layout_vaults_ring
Vaults:4: nicolae_vaults_circle_grid_a, v_misc_9, nicolae_vaults_trapezoid_3,
          nicolae_vaults_tangram_1, nicolae_vaults_what_the_h,
          nicolae_vaults_storage_closets_2, nicolae_vaults_border_crossing,
          nicolae_vaults_tetromino_T_1, layout_vaults_chaotic_city
Depths:1: layout_gridlike, minmay_room_of_horrors, hell_entry, elyvilon_altar_5,
          grunt_tough_drop
Depths:2: minmay_crystal_thing, layout_cave_shapes, rand_demon_pan_entry_5,
          serial_shops, nicolae_square_shop, serial_bayou_lagoon_a,
          gammafunk_ghost_smash, hell_entry, cheibrodos_ashenzari_chains
Depths:3: minmay_octagon_city, layout_cave_pools, hell_entry,
          gammafunk_ghost_wrathful_warriors, abyss_entry_flame_altar,
          uniq_xtahua

Skill      XL: |  1  2  3  4  5  6  7  8  9 10 11 12 13 14 15 16 17 18 19 20 |
---------------+-------------------------------------------------------------+-----
Axes           | 3 4 5 6 7 9 11 12 14 15 17 18 | 18.0
Fighting       | 4 5 6 7 8 9 10 11 13 14 16 17 18 19 21 22 | 22.8
Shields        | 4 5 6 7 8 9 10 11 13 14 16 17 18 19 20 22 | 22.8
Armour         | 4 5 6 7 8 9 10 11 13 14 16 17 18 19 21 22 | 22.8
Invocations    | 1 3 5 6 8 10 11 12 13 | 13.0
Throwing       | 3 5 7 9 10 | 10.0

Action                     |  1- 3 |  4- 6 |  7- 9 | 10-12 | 13-15 | 16-18 | 19-21 || total
---------------------------+-------+-------+-------+-------+-------+-------+-------++-------
  Melee: War axe           |    98 |    52 |   204 |   412 |   443 |       |       ||  1209
         Headbutt          |    13 |    10 |    29 |    71 |   195 |   349 |   297 ||   964
         Hand axe          |       |       |       |       |    21 |       |       ||    21
         Broad axe         |       |       |       |       |   345 |  1111 |   832 ||  2288
  Throw: Dart              |       |     3 |       |     9 |       |       |       ||    12
         Javelin           |       |       |       |       |     3 |    18 |     3 ||    24
 Invoke: Heroism           |       |       |       |     9 |    21 |    14 |    14 ||    58
    Use: Scroll            |    11 |     3 |     4 |    16 |     6 |     9 |     4 ||    53
         Potion            |       |       |     1 |     1 |       |       |     4 ||     6
   Stab: Distracted        |       |       |       |       |     1 |       |       ||     1
 Armour: Scale mail        |    45 |    34 |     8 |       |       |       |       ||    87
         Chain mail        |       |       |    44 |       |       |       |       ||    44
         Plate armour      |       |       |    75 |   251 |   358 |   382 |   166 ||  1232
         Gold dragon scale |       |       |       |       |       |       |   206 ||   206
  Dodge: Dodged            |    43 |    42 |    97 |   236 |   384 |   353 |   198 ||  1353
  Block: Buckler           |    30 |    20 |    76 |   172 |   180 |       |       ||   478
         Kite shield       |       |       |       |       |   240 |   577 |     7 ||   824
         Tower shield      |       |       |       |       |       |   140 |   817 ||   957
